 Dungeon Crawl Stone Soup version 0.29-a0-356-g7bc237e783 (webtiles) character file.

Game seed: 16964292831384816552

655 Agony the Poker (level 7, 0/55 HPs)
             Began as a Merfolk Gladiator on Apr 26, 2022.
             Was an Initiate of Ru.
             Slain by an ice beast (5 damage)
             ... on level 5 of the Dungeon.
             The game lasted 00:11:34 (5623 turns).

Agony the Poker (Merfolk Gladiator)                 Turns: 5623, Time: 00:11:35

Health: 0/55       AC:  7    Str: 17    XL:     7   Next: 54%
Magic:  7/7        EV: 16    Int:  7    God:    Ru [......]
Gold:   189        SH:  0    Dex: 21    Spells: 6/6 levels left

rFire   . . .      SeeInvis .   a - +0 trident
rCold   . . .      Faith    .   (no shield)
rNeg    . . .      Spirit   .   b - +0 leather armour
rPois   .          Reflect  .   c - +0 helmet
rElec   .          Harm     .   h - +1 cloak
rCorr   .          Rampage  .   r - +0 pair of gloves
Will    .....                   (no boots)
Stlth   ..........              i - amulet of the acrobat
HPRegen 0.18/turn               v - +6 ring of dexterity
MPRegen 0.10/turn               (no ring)

@: mighty, hasted, studying Necromancy, very quick
A: no stealth, (nimble swimmer 2), mertail
a: Renounce Religion


You were on level 5 of the Dungeon.
You worshipped Ru.
Ru was noncommittal.
You visited 1 branch of the dungeon, and saw 5 of its levels.

You collected 189 gold pieces.

Inventory:

Hand Weapons
 a - a +0 trident (weapon)
Missiles
 d - 3 throwing nets (quivered)
 e - a javelin
Armour
 b - a +0 leather armour (worn)
 c - a +0 helmet (worn)
 h - a +1 cloak (worn)
 r - a +0 pair of gloves (worn)
 w - a +0 plate armour
Jewellery
 f - an amulet of faith
 i - an amulet of the acrobat (around neck)
 v - a +6 ring of dexterity (left hand)
Wands
 t - a wand of mindburst (17)
Scrolls
 g - 3 scrolls of magic mapping
 j - a scroll of teleportation
 k - 2 scrolls of identify
 l - a scroll of torment
 o - a scroll of enchant armour
 q - a scroll of fear
 s - a scroll of vulnerability
Potions
 m - a potion of lignification
 n - 3 potions of haste
 p - a potion of might
 x - a potion of flight {unknown}


   Skills:
 + Level 4.5 Fighting
 + Level 6.2 Polearms
 + Level 4.0 Throwing
 + Level 2.0 Armour
 + Level 6.2 Dodging


You had 6 spell levels left.
You didn't know any spells.
Your spell library contained the following spells:

 Spells                   Type           Power      Damage    Failure   Level
 Summon Small Mammal      Summ           0%         N/A       50%         1
 Call Canine Familiar     Summ           0%         N/A       86%         3
 Summon Guardian Golem    Hex/Summ       0%         N/A       86%         3


Dungeon Overview and Level Annotations

Branches:
Dungeon (5/15)
 Temple: D:4-7

Altars:
Ru

Annotations:
D:3 Sigmund


Innate Abilities, Weirdness & Mutations

You cannot be stealthy.
((You are very nimble when in or above water. (Stealth+, EV+, Speed+++)))
Your lower body shifts to a powerful aquatic tail in water.


Message History

You barely miss the ice beast.
The ice beast is moderately wounded.
The hound bites you but does no damage.
The ice beast hits you but does no damage.
You hit the ice beast.
The ice beast is moderately wounded.
The hound barely misses you.
You closely miss the ice beast.
The ice beast is moderately wounded.
The hound bites you. The ice beast barely misses you.
You puncture the ice beast!
The ice beast is heavily wounded.
The hound closely misses you. The ice beast hits you.
The ice beast freezes you!
* * * LOW HITPOINT WARNING * * *
You feel very mighty all of a sudden. The hound barely misses you.
You barely miss the ice beast.
The ice beast is heavily wounded.
The hound barely misses you.
The ice beast hits you but does no damage.
The hound bites you but does no damage.
You closely miss the ice beast.
The ice beast is heavily wounded.
The ice beast hits you but does no damage.
The hound bites you.
* * * LOW HITPOINT WARNING * * *
You puncture the ice beast!
The ice beast is almost dead.
The hound bites you but does no damage.
You hit the ice beast.
The ice beast is almost dead.
The ice beast barely misses you. The hound bites you.
* * * LOW HITPOINT WARNING * * *
You closely miss the ice beast.
The ice beast is almost dead.
The ice beast hits you.
* * * LOW HITPOINT WARNING * * *
The ice beast freezes you.
You die...

# ##.#
#######....#
#.......#
#...@...#
#..hY..#....
#.....)# #
#........
#.......#.
#........ .#
#.....!... #
#......####


You could see an ice beast and a hound.

Vanquished Creatures
  2 centaurs (D:4)
  2 scorpions
  A howler monkey (D:4)
  A hound (D:5)
  An orc priest (D:3)
  A jelly (D:5)
  Ijyb (D:4)
  2 iguanas
  5 adders
  3 gnolls (D:4)
  An ufetubus (D:4)
  A worm (D:4)
  A dart slug (D:1)
  6 orcs
  6 ball pythons
  A bat (D:3)
  7 endoplasms
  4 giant cockroaches
  15 goblins
  4 hobgoblins
  10 jackals
  2 quokkas
  5 frilled lizards
  5 kobolds
  5 rats
92 creatures vanquished.

Vanquished Creatures (others)
  A plant (D:3)
1 creature vanquished.

Grand Total: 93 creatures vanquished

Notes
Turn   | Place    | Note
-------+----------+-------------------------------------------
     0 | D:1      | Agony the Merfolk Gladiator began the quest for the Orb.
     0 | D:1      | Reached XP level 1. HP: 16/16 MP: 1/1
   101 | D:1      | Reached XP level 2. HP: 23/23 MP: 2/2
   309 | D:1      | Reached XP level 3. HP: 15/28 MP: 3/3
  1224 | D:2      | Reached XP level 4. HP: 32/35 MP: 4/4
  2454 | D:3      | Noticed Sigmund
  2652 | D:3      | Reached skill level 5 in Polearms
  2652 | D:3      | Reached skill level 5 in Dodging
  2652 | D:3      | Reached XP level 5. HP: 28/41 MP: 5/5
  2954 | D:3      | Found a faded altar of an unknown god.
  2989 | D:3      | Found a sacrificial altar of Ru.
  3196 | D:3      | Became a worshipper of Ru the Awakened
  3260 | D:4      | Reached skill level 1 in Armour
  3589 | D:4      | Reached XP level 6. HP: 41/48 MP: 6/6
  4262 | D:4      | Noticed Ijyb
  4280 | D:4      | Killed Ijyb
  4677 | D:4      | Reached XP level 7. HP: 10/54 MP: 7/7
  5199 | D:4      | Gained mutation: You cannot be stealthy. [Ru sacrifice]
  5420 | D:5      | Entered Level 5 of the Dungeon
  5525 | D:5      | Noticed a yak
  5525 | D:5      | Noticed a yak
  5525 | D:5      | Noticed a yak
  5623 | D:5      | Slain by an ice beast

Illustrated notes

Levels and vault maps discovered:
D:1:      psy_arrival_dodecagon, layout_basic
D:2:      layout_basic
D:3:      layout_basic, nicolae_ru_the_path_less_chosen,
          hellmonk_ecumenical_altar_blasted, eino_curves_03, uniq_sigmund
D:4:      kennysheep_goblin_castle, layout_basic, hangedman_decor_opposing,
          amcnicky_mini_rare_corridor_liquid, minmay_manual_mares
D:5:      layout_basic, serial_shops, shop, grunt_ministairs_7, kennysheep_dice

Skill      XL: |  1  2  3  4  5  6  7 |
---------------+----------------------+-----
Fighting       | 3 4 |  4.5
Polearms       | 5 6 |  6.2
Throwing       | 3 4 |  4.0
Dodging        | 5 6 |  6.2
Armour         | 1 2 |  2.0

Action                   |  1- 3 |  4- 6 |  7- 9 || total
-------------------------+-------+-------+-------++-------
Melee: Trident           |    80 |   248 |    61 ||   389
       Punch             |       |     5 |     1 ||     6
Invok: Sacrifice Stealth |       |       |     1 ||     1
  Use: Scroll            |       |    15 |     1 ||    16
       Potion            |       |     3 |     3 ||     6
 Stab: Sleeping          |     1 |     4 |       ||     5
Armor: Leather armour    |    15 |    88 |    25 ||   128
Dodge: Dodged            |    46 |   203 |    63 ||   312

Table legend: (Time is in decaauts)
 A = Elapsed time spent in this place.
 B = Non-inter-level travel time spent in this place.
 C = Inter-level travel time spent in this place.
 D = Time resting spent in this place.
 E = Time spent auto-exploring this place.
 F = Levels seen in this place.
 G = Mean time per level.
                   A        B        C        D        E       F      G
               +--------+--------+--------+--------+--------+-----+--------+
         Total |   5611 |   5349 |    262 |   1443 |   3113 |   5 | 1122.2 |
       Dungeon |   5611 |   5349 |    262 |   1443 |   3113 |   5 | 1122.2 |
               +--------+--------+--------+--------+--------+-----+--------+

Top non-repeatable levels by time:
     D:4: 2235 daAuts
     D:3: 1208 daAuts
     D:2: 1206 daAuts
     D:1: 824 daAuts
     D:5: 137 daAuts
